Map: [ESL] Solaris

Players

Coffee - Winner!

  • Race: Terran Terran
  • Spawn Location: 7:00

GogojOey

  • Race: Zerg Zerg
  • Spawn Location: 1:00

Event: ESL SC2 Masters 2023 Winter (Regional)

VOD

Have the link to the VOD?

Description

Time

  • Played on: Oct. 27, 2023, 9:23 a.m.
  • Length: 10:23

All games in this series

Show
View Real Time Build Order
Export as new Build Order

Coffee Terran - Winner!

Build Orders: Cyclone Opening, Reaper Expand 

Get SALT Encoding   

  12  0:00  SCV  
  13  0:12  SCV  
  14  0:17  Supply Depot  
  14  0:25  SCV  
  15  0:38  SCV  
  15  0:40  Barracks  
  16  0:43  Refinery  
  16  0:50  SCV  
  17  1:03  SCV  
  18  1:15  SCV  
  19  1:27  Orbital Command, Reaper  
  20  1:39  Command Center  
  20  1:49  Supply Depot  
  20  1:53  SCV  
  21  1:59  Marine  
  22  2:05  SCV  
  22  2:08  Factory  
  23  2:15  Refinery  
  23  2:17  SCV  
  24  2:23  Barracks Reactor  
  24  2:29  SCV  
  25  2:41  SCV  
  26  2:51  Orbital Command  
  26  2:54  SCV  
  26  2:56  Cyclone  
  29  2:59  Bunker, Marine x2  
  31  3:05  Starport  
  31  3:06  SCV  
  32  3:17  Marine x2  
  34  3:25  SCV  
  34  3:26  SCV  
  35  3:28  Cyclone  
  35  3:32  Supply Depot  
  37  3:36  Marine  
  37  3:37  Marine  
  37  3:39  SCV  
  37  3:40  SCV  
  41  3:42  Medivac  
  43  3:49  Supply Depot  
  43  3:54  SCV x2  
  45  4:06  Barracks Tech Lab, SCV x2  
  45  4:07  Hellion x2  
  51  4:11  Supply Depot  
  51  4:12  Starport Tech Lab  
  51  4:18  SCV x2  
  53  4:29  Hellion x2  
  53  4:30  Banshee, Cloaking Field, SCV  
  61  4:37  Supply Depot  
  61  4:38  SCV  
  62  4:40  Supply Depot  
  62  4:42  SCV  
  64  4:52  Hellion  
  64  4:53  Hellion  
  64  4:55  SCV  
  65  5:02  Command Center  
  65  5:05  Stimpack  
  65  5:06  SCV  
  66  5:19  Banshee  
  66  5:20  Barracks  
  69  5:21  SCV  
  69  5:22  Barracks, Factory Reactor, SCV  
  71  5:32  Marine  
  71  5:33  SCV  
  71  5:34  SCV  
  64  5:40  Refinery x2  
  64  5:41  Engineering Bay  
  64  5:46  SCV x2  
  64  5:47  Engineering Bay  
  66  5:59  SCV x2  
  66  6:02  Barracks  
  66  6:03  Barracks  
  68  6:11  Starport Reactor, SCV  
  68  6:12  Marine  
  68  6:13  Marine  
  68  6:14  Siege Tank  
  68  6:16  Orbital Command  
  68  6:18  SCV  
  75  6:19  Terran Infantry Weapons Level 1, Terran Infantry Armor Level 1  
  75  6:23  SCV  
  76  6:30  Marine x2  
  76  6:31  SCV, Marine x2  
  81  6:35  SCV  
  82  6:40  Supply Depot  
  82  6:41  Supply Depot, Marine  
  82  6:43  Orbital Command  
  82  6:44  SCV  
  84  6:48  Siege Tank, Marine x3  
  84  6:53  SCV  
  91  6:54  Combat Shield, Supply Depot, Barracks Reactor  
  91  6:55  Barracks Reactor, Medivac  
  91  6:56  SCV  
  94  7:03  Medivac  
  94  7:05  SCV  
  94  7:08  SCV  
  98  7:09  SCV  
  98  7:15  Marine x5  
  103  7:17  SCV  
  103  7:20  Supply Depot, SCV  
  103  7:21  SCV  
  107  7:24  Supply Depot  
  108  7:30  Siege Tank, SCV  
  108  7:32  Marine  
  108  7:33  SCV, Marine x2  
  113  7:38  Marine x2, SCV  
  114  7:44  Armory, Marine  
  114  7:45  Marine x3  
  114  7:47  Medivac x2  
  114  7:48  SCV x2  
  114  7:50  Refinery  
  114  7:51  Refinery  
  124  8:00  Marine x2  
  119  8:11  SCV x2  
  108  8:17  Marine x7  
  102  8:21  SCV  
  102  8:23  SCV  
  104  8:31  Marine  
  104  8:32  Marine  
  106  8:34  Marine  
  106  8:35  Marine x6, SCV x3  
  106  8:40  Siege Tank  
  119  8:47  SCV x3  
  112  8:49  Marine x2  
  112  8:54  Marine x4  
  107  8:59  Medivac, SCV x2  
  107  9:00  Marine x3, Medivac  
  107  9:01  SCV  
  113  9:07  Marine x2  
  114  9:11  Marine, SCV  
  114  9:12  Siege Tank, SCV, Marine x2  
  121  9:28  Marine  
  121  9:30  Marine  
  123  9:32  Marine  
  118  9:42  SCV x2  
  118  9:43  Marine x6  
  118  9:45  Sensor Tower  
  120  9:52  Command Center  
  120  9:53  Marine x3  
  120  9:59  Factory  
  128  10:08  SCV x2  
Show
View Real Time Build Order
Export as new Build Order

GogojOey Zerg 

Build Orders: Hatch First 

Get SALT Encoding   

  12  0:00  Drone  
  13  0:12  Overlord  
  13  0:17  Drone  
  14  0:30  Drone x2  
  16  0:47  Hatchery  
  15  0:51  Drone  
  15  0:55  Drone  
  17  0:57  Drone  
  18  1:09  Extractor  
  17  1:14  Spawning Pool  
  17  1:16  Drone  
  17  1:19  Drone  
  18  1:27  Drone  
  19  1:38  Drone  
  20  1:49  Drone  
  21  2:00  Queen x2  
  21  2:01  Zergling x4  
  27  2:06  Roach Warren  
  26  2:10  Overlord  
  26  2:13  Drone  
  27  2:26  Overlord  
  26  2:40  Spore Crawler  
  26  2:45  Queen  
  26  2:46  Roach x4  
  26  2:51  Roach  
  38  2:57  Drone x2  
  40  3:05  Overlord  
  40  3:09  Drone x2  
  42  3:13  Drone  
  43  3:24  Drone x2  
  43  3:25  Drone x3  
  48  3:40  Hatchery  
  47  3:44  Metabolic Boost  
  47  3:46  Drone  
  48  3:49  Drone  
  48  3:55  Drone x2, Evolution Chamber  
  49  4:00  Overlord  
  49  4:02  Drone x2  
  52  4:11  Overlord  
  52  4:17  Queen  
  52  4:21  Drone x3  
  52  4:22  Drone x3  
  60  4:26  Overlord  
  60  4:30  Zerg Ground Armor Level 1  
  60  4:36  Overlord  
  57  4:48  Roach x5  
  57  4:50  Queen  
  67  4:54  Queen  
  67  4:57  Zergling x4  
  71  5:01  Zergling x4  
  73  5:08  Drone x5  
  73  5:11  Drone  
  73  5:12  Drone  
  80  5:15  Drone x2  
  80  5:28  Drone  
  80  5:32  Overlord  
  81  5:37  Overlord  
  81  5:38  Overlord  
  81  5:41  Evolution Chamber  
  80  5:44  Drone  
  80  5:45  Lair  
  80  5:48  Extractor, Overlord  
  79  5:50  Drone x7  
  79  5:55  Spore Crawler, Hatchery  
  81  5:57  Spore Crawler  
  81  6:00  Drone x3, Spore Crawler  
  81  6:03  Spore Crawler  
  79  6:06  Drone x2  
  79  6:10  Drone x2  
  81  6:13  Drone x3  
  82  6:19  Drone x3  
  82  6:24  Drone x4  
  88  6:31  Zerg Melee Weapons Level 1  
  88  6:34  Zergling x8  
  88  6:39  Zergling x2  
  93  6:43  Extractor  
  93  6:44  Zergling x4  
  93  6:46  Baneling Nest  
  92  6:52  Overseer  
  92  6:53  Zergling x2  
  92  6:54  Zergling x8  
  95  6:58  Drone x2  
  95  6:59  Drone  
  98  7:03  Drone x2  
  98  7:04  Extractor  
  98  7:05  Overlord x2  
  98  7:07  Zergling x2  
  98  7:08  Zergling x2  
  101  7:20  Overlord  
  101  7:24  Drone x3  
  101  7:25  Zergling x2  
  101  7:26  Zergling x12  
  101  7:29  Zerg Ground Armor Level 2  
  111  7:30  Centrifugal Hooks  
  111  7:31  Zergling x4  
  111  7:35  Baneling x3  
  111  7:36  Baneling x2  
  111  7:38  Drone x3  
  111  7:39  Drone  
  111  7:42  Zergling x4  
  111  7:43  Queen  
  117  7:45  Baneling x4  
  117  7:49  Zergling x10  
  122  7:53  Baneling x3  
  122  7:55  Zergling x6  
  125  8:03  Zergling x2  
  125  8:04  Zergling x14  
  130  8:09  Overlord  
  130  8:10  Overlord  
  118  8:20  Zergling x6  
  118  8:30  Zergling x10  
  118  8:31  Queen x2  
  118  8:32  Queen  
  127  8:37  Hatchery  
  127  8:38  Zergling x2  
  127  8:39  Zergling x2  
  127  8:40  Baneling x8  
  128  8:45  Zergling x6  
  128  8:47  Baneling x5  
  121  8:52  Zergling x4  
  103  8:57  Zergling x2  
  103  8:58  Zergling x6  
  103  9:01  Zergling x2  
  105  9:03  Zergling x2  
  105  9:05  Drone x2  
  105  9:06  Drone, Infestation Pit  
  105  9:07  Zergling x2  
  105  9:08  Zergling x4  
  105  9:09  Zergling x2  
  109  9:15  Zergling x2  
  101  9:25  Zergling x4  
  98  9:38  Drone x5  
  93  9:40  Zergling x8  
  93  9:42  Queen  
  94  9:48  Drone x3  
  94  9:50  Zergling x2  
  96  9:55  Zergling x10  
  92  10:00  Drone  
  92  10:04  Zergling x8  
  92  10:10  Hatchery  
Tags
 
Add a new tag
Caveats
  • Supply blocks, unpowered buildings, or Contaminate may cause inaccurate times.
  • Supply counts are checked every 10 seconds.